 Dungeon Crawl Stone Soup version 0.19-a0-944-gb338e1e (webtiles) character file.

0 Duffy the Insei (level 1, 0/15 HPs)
             Began as a Demonspawn Transmuter on July 10, 2016.
             Slain by an adder (3 damage)
             ... on level 2 of the Dungeon.
             The game lasted 00:00:24 (222 turns).

Duffy the Insei (Demonspawn Transmuter)              Turns: 222, Time: 00:00:25

Health: 0/15       AC:  3    Str: 10    XL:     1   Next: 8%
Magic:  2/3        EV: 11    Int: 14    God:
Gold:   24         SH:  0    Dex: 13    Spells: 1 memorised, 3 levels left

rFire  . . .     SeeInvis .       - Unarmed
rCold  . . .     Gourm    .     e - +0 leather armour (curse)
rNeg   . . .     Faith    .     (no shield)
rPois  .         Spirit   .     (no helmet)
rElec  .         Dismiss  .     (no cloak)
rCorr  .         Reflect  .     (no gloves)
SustAt .         Harm     .     (boots currently unavailable)
MR     .....                    (no amulet)
Stlth  +.........               (no ring)
                                (no ring)

@: lethally poisoned (0 -> -12), appendage, not resistant to hostile
enchantments, very unstealthy
A: talons 3
a: End Transformation


You were on level 2 of the Dungeon.
You were not hungry.
You had grown temporary talons.
You visited 1 branch of the dungeon, and saw 2 of its levels.

You collected 24 gold pieces.


Innate Abilities, Weirdness & Mutations

You have claws for feet.


   Skills:
 - Level 1.0 Fighting
 - Level 1.7 Dodging
 + Level 2.6 Unarmed Combat
 - Level 2.0 Spellcasting
 + Level 1.8 Transmutations


You had 3 spell levels left.
You knew the following spells:

 Your Spells              Type           Power        Failure   Level  Hunger
a - Beastly Appendage     Tmut           #.....       17%         1    ##.....

Inventory:

Missiles
 a - 12 arrows
Armour
 b - a +0 robe
 e - a cursed +0 leather armour (worn)
Scrolls
 f - a scroll of noise {unknown}
 g - a scroll of magic mapping {unknown}
Books
 c - a book of Changes
Comestibles
 d - a bread ration

Dungeon Overview and Level Annotations

Branches:
Dungeon (2/15)

Altars:


Message History

You closely miss the adder.
The adder is lightly wounded.
The adder bites you.
You are poisoned.
The adder poisons you!
You hit the adder.
The adder is heavily wounded.
You feel sick. The adder bites you but does no damage.
You miss the adder.
The adder is heavily wounded.
The adder closely misses you. The adder bites you but does no damage.
You hit the adder.
The adder is almost dead.
You feel sick. The adder misses you.
You closely miss the adder.
The adder is almost dead.
The adder bites you.
You are lethally poisoned!
The adder poisons you!
You are too injured to fight recklessly!
You are too injured to fight recklessly!
You are too injured to fight recklessly!
You are too injured to fight recklessly!
You are too injured to fight recklessly!
You are too injured to fight recklessly!
You are too injured to fight recklessly!
You are too injured to fight recklessly!
You are too injured to fight recklessly!
You are too injured to fight recklessly!
You are too injured to fight recklessly!
You are too injured to fight recklessly!
You are too injured to fight recklessly!
You are too injured to fight recklessly!
You are too injured to fight recklessly!
You are too injured to fight recklessly!
You are too injured to fight recklessly!
You are too injured to fight recklessly!
You are too injured to fight recklessly!
You are too injured to fight recklessly!
You are too injured to fight recklessly!
You are too injured to fight recklessly!
Cast which spell? (? or * to list)
Your feet morph into talons.
You feel sick. The adder barely misses you. The adder bites you.
You are more poisoned.
The adder poisons you!
You closely miss the adder. Your kick misses the adder.
The adder is almost dead.
You feel sick. The adder bites you.
You die...

#######.# ######..#
........# #....#..#
........[ #.##.#l.#
.<###### #.##.#..#
......... #.##.#..#
.############.##@#..#
.##...........##S#..#
.##.############l...#
.##.# ####.# ....# #
##### .


You could see an adder and a giant newt.

Action                   || total
-------------------------++-------
Melee: Unarmed           ||    11
       Punch             ||     1
 Cast: Beastly Appendage ||     1
Armor: Leather armour    ||     2
Dodge: Dodged            ||     8

Notes
Turn   | Place    | Note
-------+----------+-------------------------------------------
     0 | D:1      | Duffy the Demonspawn Transmuter began the quest for the Orb.
     0 | D:1      | Reached XP level 1. HP: 15/15 MP: 3/3
   222 | D:2      | Slain by an adder

Vault maps used:
D:1:      dpeg_arrival_water_fire
D:2:      wad_river_or_something, grunt_temple_overflow_order_and_chaos_1,
          first_bread, lemuel_statue_altar, uniq_jessica, uniq_sigmund,
          uniq_iyjb

Vanquished Creatures
  A kobold
1 creature vanquished.
